 Dungeon Crawl Stone Soup version 0.29.1-1-gd02db6906a (webtiles) character file.

Game seed: 16367756630098145915

7 hawla the Firebug (level 2, 0/17 (20) HPs)
             Began as a Meteoran Fire Elementalist on Oct 11, 2022.
             Slain by a rat (1 damage)
             ... on level 1 of the Dungeon.
             The game lasted 00:01:45 (76 turns).

hawla the Firebug (Meteoran Fire Elementalist)        Turns: 76, Time: 00:01:45

HP:   0/17 (20)     AC:  2    Str:  9    XL:     2   Next: 17%
MP:   6/6           EV: 12    Int: 16    God:
Gold: 13            SH:  0    Dex: 14    Spells: 3/6 levels left

rFire   . . .      SeeInvis .   (no weapon)
rCold   . . .      Faith    .   (no shield)
rNeg    . . .      Spirit   .   a - +0 robe
rPois   .          Reflect  .   (no helmet)
rElec   .          Harm     .   (no cloak)
rCorr   .          Rampage  .   (no gloves)
Will    .....                   (no boots)
Stlth   +.........              (no amulet)
HPRegen 0.05/turn               (no ring)
MPRegen 0.10/turn               (no ring)

@: glowing, heavily drained
A: sense surroundings 1, otherworldly, glowing, explore regen
a: no special abilities


You were on level 1 of the Dungeon.
You visited 1 branch of the dungeon, and saw 1 of its levels.

You collected 13 gold pieces.

Inventory:

Armour
 a - a +0 robe (worn)
Potions
 c - a potion of might {unknown}


   Skills:
 + Level 2.4 Dodging
 - Level 1.4 Stealth
 + Level 2.9 Spellcasting
 + Level 1.2 Conjurations
 + Level 4.1 Fire Magic


You had 3 spell levels left.
You knew the following spells:

 Your Spells              Type           Power      Damage    Failure   Level
a - Foxfire               Conj/Fire      40%        2x1d6     6%          1
b - Scorch                Fire           30%        2d7       5%          2

Your spell library contained the following spells:

 Spells                   Type           Power      Damage    Failure   Level
 Conjure Flame            Conj/Fire      10%        6-21      19%         3
 Inner Flame              Hex/Fire       8%         N/A       24%         3
 Flame Wave               Conj/Fire      10%        2d6       54%         4


Dungeon Overview and Level Annotations

Branches:
Dungeon (1/15) Zot: 522

Altars:


Innate Abilities, Weirdness & Mutations

You passively map a small area around you.
You are easily found by Zot.
You glow in the dark.
You regain HP and MP as you explore.


Message History

Flames lash the hobgoblin.
The hobgoblin is severely wounded.
The hobgoblin's fire resistance burns away.
A bat comes into view.
The giant cockroach waves its antennae.
The hobgoblin hits you.
The bat moves out of view.
Casting: Scorch (safe; 5% risk of failure)
Confirm with . or Enter, or press ? or * to list all spells.
You conjure some foxfire!
The hobgoblin hits you.
Casting: Foxfire (safe; 6% risk of failure)
Confirm with . or Enter, or press ? or * to list all spells.
You miscast Scorch.
You are very lightly contaminated with residual magic.
Nothing appears to happen.
The foxfire hits the hobgoblin but does no damage.
The hobgoblin is severely wounded.
The foxfire hits the hobgoblin.
The hobgoblin is burned terribly!
You kill the hobgoblin!
The rat bites you. The bat hits you but does no damage.
The bat closely misses you. The rat attacks as you move away!
The rat bites you but does no damage. The bat hits you but does no damage.
The bat hits you.
Your magical contamination has completely faded away.
The rat attacks as you move away! The rat bites you but does no damage.
The bat hits you but does no damage. The bat misses you.
The bat hits you but does no damage. The rat attacks as you move away!
The rat bites you.
* * * LOW HITPOINT WARNING * * *
The bat hits you but does no damage. x2
The rat attacks as you move away! The rat bites you but does no damage.
The bat hits you.
* * * LOW HITPOINT WARNING * * *
The bat barely misses you. Magic courses through your body.
The bat hits you but does no damage. The bat hits you.
* * * LOW HITPOINT WARNING * * *
The rat bites you.
You die...

#...†#)##.#........
,
#...........###....
* ####..........##
....
..............#
*,... ,
*,#######.......# *
.. , #.......# #.
#......B# , * ..
#.....rb# * ,
.#########......@#
.§≈≈≈§≈≈##.......#
*
...≈≈≈≈≈##)......#
* *
~~....≈≈##.#######
.~~~...§#..#
<.~~~..§..##
.~~~..§§###
~~....≈≈# ...≈§§§§#


You could see a giant cockroach, a bat and a rat.

Vanquished Creatures
  A ball python (D:1)
  A goblin (D:1)
  A hobgoblin (D:1)
  A quokka (D:1)
  A frilled lizard (D:1)
  A kobold (D:1)
6 creatures vanquished.

Vanquished Creatures (others)
  17 foxfires (D:1)
17 creatures vanquished.

Grand Total: 23 creatures vanquished

Notes
Turn   | Place    | Note
-------+----------+-------------------------------------------
     0 | D:1      | hawla the Meteoran Fire Elementalist began the quest for
                  | the Orb.
     0 | D:1      | Reached XP level 1. HP: 14/14 MP: 5/5
    44 | D:1      | Reached skill level 4 in Fire Magic
    44 | D:1      | Reached XP level 2. HP: 5/17 MP: 1/6
    49 | D:1      | Learned a level 2 spell: Scorch
    76 | D:1      | Slain by a rat

Illustrated notes

Levels and vault maps discovered:
D:1:      dpeg_arrival_shrine, layout_basic, hellmonk_ecumenical_altar_run_dry,
          grunt_decor_resistance, minmay_misc_feat_plants,
          minmay_small_reverse_x

Skill      XL: |  1 |
---------------+----+-----
Fire Magic     | 4 |  4.1
Dodging        | |  2.4
Stealth        | |  1.4
Spellcasting   | |  2.9
Conjurations   | |  1.2

Action                   || total
-------------------------++-------
Melee: Unarmed           ||     1
 Cast: Foxfire           ||     9
       Scorch            ||     1
  Use: Potion            ||     1
Armor: Robe              ||    10
Dodge: Dodged            ||     3
